 Dungeon Crawl Stone Soup version 0.28-a0-823-gb444dcf96d (webtiles) character file.

Game seed: 14537729282811319705

79 bande the Covered (level 4, -1/43 HPs)
             Began as a Gargoyle Fighter on Nov 9, 2021.
             Slain by Menkaure (13 damage)
             ... on level 4 of the Dungeon.
             The game lasted 00:03:08 (2873 turns).

bande the Covered (Gargoyle Fighter)                Turns: 2873, Time: 00:03:09

Health: -1/43      AC: 22    Str: 21    XL:     4   Next: 37%
Magic:  4/4        EV:  2    Int:  8    God:
Gold:   131        SH:  4    Dex:  9    Spells: 3/3 levels left

rFire   . . .      SeeInvis .   a - +0 war axe
rCold   . . .      Faith    .   c - +0 buckler
rNeg    + . .      Spirit   .   (armour currently unavailable)
rPois   ∞          Reflect  .   (helmet currently unavailable)
rElec   .          Harm     .   (cloak currently unavailable)
rCorr   .          Rampage  .   (gloves currently unavailable)
Will    .....      NoTele   +   (boots currently unavailable)
Stlth   +.........              (no amulet)
HPRegen 0.14/turn               b - +4 ring of evasion
MPRegen 0.09/turn               (no ring)

@: tree-form
A: stationary, stasis, torment immunity, boosted hp, sickness immunity, AC +3,
negative energy resistance 1, (electricity resistance), torment resistance 1,
petrification resistance
a: no special abilities


You were on level 4 of the Dungeon.
You were a tree.
You visited 1 branch of the dungeon, and saw 4 of its levels.

You collected 131 gold pieces.

Inventory:

Hand Weapons
 a - a +0 war axe (weapon)
 k - a +1 flail of protection
Armour
 c - a +0 buckler (worn)
 h - a +0 chain mail (melded)
Jewellery
 b - a +4 ring of evasion (left branch)
Potions
 d - a potion of might
 e - 2 potions of lignification
 f - a potion of heal wounds {unknown}
 g - a potion of berserk rage {unknown}
 i - a potion of curing
 j - a potion of flight {unknown}


   Skills:
 + Level 3.8 Fighting
 + Level 2.9 Axes
 + Level 4.0 Armour
 + Level 3.5 Shields


You had 3 spell levels left.
You didn't know any spells.
Your spell library contained the following spells:

 Spells                   Type           Power      Damage    Failure   Level
 Sandblast                Erth           0%         2d4       41%         1
 Passwall                 Tmut/Erth      0%         N/A       56%         2
 Stone Arrow              Conj/Erth      0%         3d7       80%         3
 Tukima's Dance           Hex            0%         N/A       80%         3
 Passage of Golubria      Tloc           0%         N/A       99%         4
 Yara's Violent Unravell  Hex/Tmut       0%         3d3       100%        5


Dungeon Overview and Level Annotations

Branches:
Dungeon (4/15)
 Temple: D:4-7

Altars:

Annotations:
D:4 Menkaure


Innate Abilities, Weirdness & Mutations

You are a tree.
Your roots penetrate the ground, keeping you stationary.
You cannot be teleported.
You are immune to unholy pain and torment.
Your maximum health is greatly increased.
Your equipment is partially melded.
You are immune to sickness and miasma.
((Your stone body is resilient. (AC +3)))
You are immune to poison.
You resist negative energy. (rN+)
((You are resistant to electric shocks. (rElec)))
You are resistant to unholy torment.
You are immune to petrification.


Message History

No target in view!
HP restored.
Menkaure, Prince of Dust comes into view.
Menkaure shouts!
Menkaure gestures wildly while chanting.
Menkaure seems to speed up.
Menkaure is nearby!
Found 29 arrows.
Menkaure calls on the powers of darkness!
Your body is wracked with pain!
Found 10 arrows.
Menkaure blazes with dark energy!
Menkaure hits you!
Ouch! That really hurt!
* * * LOW HITPOINT WARNING * * *
Menkaure barely misses you.
You are too injured to fight recklessly!
You are too injured to fight recklessly!
You are too injured to fight recklessly!
You are too injured to fight recklessly!
You are too injured to fight recklessly!
You are too injured to fight recklessly!
You are too injured to fight recklessly!
You are too injured to fight recklessly!
It was a potion of lignification.
You turn into a tree.
Your +0 chain mail melds into your body.
Your roots penetrate the ground.
Menkaure hits you but does no damage.
You hit Menkaure.
Menkaure is moderately damaged.
Menkaure hits you.
* * * LOW HITPOINT WARNING * * *
Menkaure hits you.
* * * LOW HITPOINT WARNING * * *
It was a potion of curing.
You feel better. Menkaure hits you but does no damage.
Okay, then.
You barely miss Menkaure.
Menkaure is moderately damaged.
Menkaure hits you!
You die...

#. ... .#
....(#.#
.##.#..#.#
..(...#.#
####.#..#.#
........#.#
......#.#.#
..##....M.#
.......♣..#
......#.###
..#.# #.# .. #.#
.. #.# #.#
####.# #.†..#
###.####..######


You could see Menkaure (fast).

Vanquished Creatures
  2 adders (D:2)
  A worm (D:3)
  A dart slug (D:2)
  4 orcs (D:3)
  6 endoplasms
  7 giant cockroaches
  5 hobgoblins
  5 kobolds
  2 quokkas
  2 bats
  4 frilled lizards
  4 goblins
  4 rats
47 creatures vanquished.

Notes
Turn   | Place    | Note
-------+----------+-------------------------------------------
     0 | D:1      | bande the Gargoyle Fighter began the quest for the Orb.
     0 | D:1      | Reached XP level 1. HP: 14/14 MP: 1/1
   732 | D:1      | Reached XP level 2. HP: 11/19 MP: 2/2
  1272 | D:2      | Found a faded altar of an unknown god.
  1301 | D:2      | Reached XP level 3. HP: 20/23 MP: 3/3
  2177 | D:3      | Reached XP level 4. HP: 29/29 MP: 4/4
  2525 | D:3      | Reached skill level 4 in Armour
  2864 | D:4      | Noticed Menkaure
  2873 | D:4      | Slain by Menkaure

Illustrated notes

Levels and vault maps discovered:
D:1:      ncdulo_watergridlock, layout_rooms
D:2:      layout_basic, hellmonk_ecumenical_altar_leap_of_faith
D:3:      layout_rooms, chequers_serial_rivers_micro_b, chequers_arboretum,
          kennysheep_cross_room
D:4:      layout_basic, uniq_grinder, uniq_menkaure

Skill      XL: |  1  2  3  4 |
---------------+-------------+-----
Axes           | 2 |  2.9
Armour         | 4 |  4.0
Fighting       | |  3.8
Shields        | |  3.5

Action                   |  1- 3 |  4- 6 || total
-------------------------+-------+-------++-------
Melee: War axe           |   122 |    48 ||   170
  Use: Scroll            |     3 |       ||     3
       Potion            |       |     2 ||     2
Armor: Chain mail        |    79 |    23 ||   102
       Skin              |       |     2 ||     2
Dodge: Dodged            |    63 |    40 ||   103
Block: Buckler           |    14 |    17 ||    31

Table legend: (Time is in decaauts)
 A = Elapsed time spent in this place.
 B = Non-inter-level travel time spent in this place.
 C = Inter-level travel time spent in this place.
 D = Time resting spent in this place.
 E = Time spent auto-exploring this place.
 F = Levels seen in this place.
 G = Mean time per level.
                   A        B        C        D        E       F      G
               +--------+--------+--------+--------+--------+-----+--------+
         Total |   2940 |   2881 |     59 |    436 |   1941 |   4 |  735.0 |
       Dungeon |   2940 |   2881 |     59 |    436 |   1941 |   4 |  735.0 |
               +--------+--------+--------+--------+--------+-----+--------+

Top non-repeatable levels by time:
     D:1: 1271 daAuts
     D:2: 918 daAuts
     D:3: 716 daAuts
     D:4: 33 daAuts
